AoeStats
← Tony662660

Arena

510084373Analyzed
2v2 RM · 23h ago on Sep 29, 2026· 50m 8s· 4 players
Game mode
Random Map
Map size
Medium (4 player)
Population
200
Speed
Normal
Resources
Standard
Victory
Conquest
Starting age
Dark Age
Ending age
Imperial Age
RankedLock teamsTeams togetherTeam positionsShared explorationLock speedFull tech treeHidden civsTurbo modeCheats
Victory
Defeat
🇫🇷 Khmer · France
857
+17
🇫🇷 Franks · France
857
+17
🇨🇳 Portuguese · China
957
-21
🇨🇳 Teutons · China
785
-13
Bafode_44
0:34 Loom
13:04 Feudal Age
18:03 Castle Age
30:40 Imperial Age
29:29 Light Cavalry
30:49 Caravan
31:21 Double Crossbow
32:15 Bloodlines
34:27 Capped Ram
36:13 Double-Bit Axe
38:41 Siege Ram
40:55 Elite Battle Elephant
floping44
0:55 Loom
12:35 Feudal Age
18:33 Castle Age
19:49 Double-Bit Axe
31:31 Imperial Age
29:46 Gold Mining
31:26 Town Watch
32:03 Husbandry
31:31 Cavalier
32:35 Conscription
33:39 Chemistry
33:54 Paladin
36:46 Forging
37:17 Scale Barding Armor
44:01 Onager
嗯
13:19 Feudal Age
14:31 Double-Bit Axe
14:29 Horse Collar
15:33 Wheelbarrow
16:07 Stone Mining
20:18 Castle Age
18:17 Gold Mining
21:18 Hand Cart
21:17 Bow Saw
21:49 Stone Shaft Mining
23:03 Heavy Plow
32:43 Imperial Age
33:20 Scale Barding Armor
33:15 Scale Mail Armor
33:26 Forging
33:06 Fletching
33:20 Padded Archer Armor
33:35 Masonry
33:41 Fortified Wall
33:41 Siege Engineers
33:22 Arrowslits
34:22 Hoardings
Tony662660
11:39 Feudal Age
12:42 Gold Mining
12:44 Double-Bit Axe
15:47 Castle Age
15:49 Loom
21:14 Imperial Age
19:54 Stone Mining
28:31 Chemistry
27:12 Treadmill Crane
27:45 Fortified Wall
29:07 Stone Shaft Mining
28:47 Bow Saw
30:25 Wheelbarrow
29:37 Town Watch
30:01 Fletching
32:02 Masonry
32:06 Guilds
32:28 Coinage
31:56 Bodkin Arrow
33:27 Bracer
33:33 Scale Barding Armor
34:03 Banking
34:35 Two-Man Saw
34:28 Ballistics
34:07 Murder Holes
34:32 Hand Cart
35:32 Onager
36:53 Chain Barding Armor
38:32 Town Patrol
39:29 Siege Engineers
39:30 Arquebus
39:50 Conscription
41:09 Plate Barding Armor
40:45 Forging
40:36 Scale Mail Armor
40:36 Padded Archer Armor
42:53 Architecture
43:10 Iron Casting
44:06 Leather Archer Armor
44:06 Chain Mail Armor
43:43 Guard Tower
44:54 Keep
48:18 Blast Furnace
47:48 Plate Mail Armor
49:25 Ring Archer Armor
49:02 Devotion
48:57 Herbal Medicine
Connection lost

Rejoining the realm…

Still unreachable

The connection could not be restored.

Session expired

The server has moved on; the page needs a fresh start.